 Dungeon Crawl Stone Soup version 0.17-a0-1882-g750edc8 (webtiles) character file.

459 ithil the Shield-Bearer (level 6, -1/57 HPs)
             Began as a Deep Dwarf Fighter on Sept 23, 2015.
             Killed from afar by a charred statue (8 damage)
             ... with a puff of flame
             ... on level 4 of the Dungeon.
             The game lasted 00:15:42 (2874 turns).

ithil the Shield-Bearer (Deep Dwarf Fighter)        Turns: 2874, Time: 00:15:42

Health: -1/57      AC: 10    Str: 20    XL:     6   Next: 78%
Magic:  6/6        EV:  9    Int:  9    God:
Gold:   165        SH: 10    Dex: 13    Spells: 0 memorised, 5 levels left

rFire  . . .     SeeInvis .     a - +0 war axe
rCold  . . .     Clarity  .     q - +2 scale mail {rN+}
rNeg   + . .     SustAt   .     c - +0 shield
rPois  .         Gourm    .     (no helmet)
rElec  .         Spirit   .     i - +0 cloak
rCorr  .         Warding  .     (no gloves)
rMut   .         Stasis   .     (no boots)
MR     .....                    (no amulet)
Stlth  ..........               (no ring)
                                (no ring)

@: non-regenerating, not resistant to hostile enchantments, extremely unstealthy
A: damage resistance, recharge devices, sense surroundings 1, slow healing 3
a: Device Recharging


You were on level 4 of the Dungeon.
You were not hungry.

You visited 1 branch of the dungeon, and saw 4 of its levels.

You collected 165 gold pieces.

Inventory:

Hand weapons
 a - a +0 war axe (weapon)
 v - a +1 mace of crushing
Armour
 b - a +0 scale mail
 c - a +0 shield (worn)
 i - a +0 cloak (worn)
 n - a +0 shield
 q - a +2 scale mail of positive energy (worn)
Magical devices
 e - a wand of heal wounds (2)
Scrolls
 h - a scroll of noise
 l - a scroll of recharging {unknown}
 p - a scroll of amnesia {unknown}
 r - a scroll of remove curse
 t - a scroll of enchant armour {unknown}
 w - a scroll of enchant weapon {unknown}
 x - a scroll of identify
Potions
 d - 2 potions of might
 g - a potion of lignification {unknown}
 k - 2 potions of cancellation
 o - a potion of curing {unknown}
Comestibles
 f - 2 bread rations
 j - a meat ration
 m - a slice of pizza
 s - a chunk of flesh
 u - 3 fruits


   Skills:
 + Level 3.8 Fighting
 + Level 3.8 Axes
 + Level 4.5 Armour
 + Level 3.5 Dodging
 + Level 0.3 Stealth
 + Level 4.9 Shields
 + Level 0.3 Evocations


You had 5 spell levels left.
You didn't know any spells.

Dungeon Overview and Level Annotations

Branches:
Dungeon (4/15)
 Temple: D:4-7

Altars:
Dithmenos
Vehumet

Annotations:
D:4 exclusion: statue


Innate Abilities, Weirdness & Mutations

You are resistant to damage.
You can recharge devices by infusing magical energy.
You passively map a small area around you.
You do not heal naturally.


Message History

The charred statue is lightly damaged.
You hit the charred statue but do no damage.
The charred statue is lightly damaged.
Some of the chunks of flesh in your inventory have rotted away.
You hit the charred statue but do no damage.
The charred statue is lightly damaged.
The charred statue throws fire at you. The puff of flame misses you.
The puff of flame hits you!
* * * LOW HITPOINT WARNING * * *
You hit the charred statue but do no damage.
The charred statue is lightly damaged.
You hit the charred statue but do no damage.
The charred statue is lightly damaged.
The charred statue throws fire at you. The puff of flame hits you!
You completely miss the charred statue.
The charred statue is lightly damaged.
The charred statue throws fire at you. The puff of flame hits you!
You die...

########## #........#
#.#####..# #.#@..#..#
##.#.8.#..###########
#..#...#.............
#..#._.#.##.########. ###
#..#...#.##.# ## ..#
#..#...#.##.# #.#
#######..#...#....# ,
#.#####.[..##..##.##.####
**
.........................
, ,


You could see a charred statue.

Vanquished Creatures
  A centaur (D:3)
  2 scorpions (D:4)
  An orc priest (D:3)
  Ijyb (D:3)
  A worker ant (D:4)
  Natasha (thrice) (D:2)
  A hound skeleton (D:4)
  6 adders
  An ooze (D:1)
  2 worms
  4 orcs (D:3)
  4 giant cockroaches
  13 goblins
  12 hobgoblins
  6 kobolds
  10 bats
  A giant gecko (D:3)
  4 giant newts
  2 jackals (D:1)
  9 rats
84 creatures vanquished.

Notes
Turn   | Place    | Note
--------------------------------------------------------------
     0 | D:1      | ithil the Deep Dwarf Fighter began the quest for the Orb.
     0 | D:1      | Reached XP level 1. HP: 20/20 MP: 1/1
   187 | D:1      | Reached XP level 2. HP: 25/27 MP: 2/2
   775 | D:2      | Reached XP level 3. HP: 24/34 MP: 3/3
   930 | D:2      | Noticed Natasha
   960 | D:2      | Killed Natasha
   960 | D:2      | Reached skill level 4 in Armour
   960 | D:2      | Reached skill level 1 in Dodging
  1041 | D:2      | Noticed Natasha
  1051 | D:2      | Killed Natasha
  1051 | D:2      | Reached XP level 4. HP: 21/42 MP: 4/4
  1460 | D:2      | Noticed Natasha
  1465 | D:2      | Killed Natasha
  1602 | D:3      | Noticed Ijyb
  1628 | D:3      | Killed Ijyb
  1628 | D:3      | Reached XP level 5. HP: 23/49 MP: 5/5
  1920 | D:3      | Noticed a centaur
  1931 | D:3      | Killed a centaur
  1931 | D:3      | Reached XP level 6. HP: 19/56 MP: 6/6
  2745 | D:4      | Found a shadowy altar of Dithmenos.
  2854 | D:4      | Found a radiant altar of Vehumet.
  2874 | D:4      | Killed from afar by a charred statue

Vault maps used:
D:1:      lemuel_arrival_rhombus
D:2:      kennysheep_the_goblin_king, uniq_natasha
D:3:      hangedman_decor_growths, uniq_iyjb
D:4:      vehumet_statue, nrook_loot_triangle, nicolae_dithmenos_the_darkroom,
          uniq_crazy_yiuf_cottage

Action                   |  1- 3 |  4- 6 || total
-------------------------+-------+-------++-------
Melee: War axe           |   131 |   211 ||   342
Evoke: Wand              |     1 |     2 ||     3
  Use: Scroll            |     3 |     2 ||     5
       Potion            |       |     1 ||     1
  Eat: Chunk             |     1 |     2 ||     3
       Bread ration      |       |     1 ||     1
